 Dungeon Sprint DCSS version 0.19.1 (webtiles) character file.

165 equalderp2856 the Gouger (level 5, -11/27 HPs)
             Began as a Felid Fighter on Nov 28, 2016.
             Mangled by an orc warrior
             ... wielding a +0 flail
              (16 damage)
             ... in the Dungeon (Sprint IX: "|||||||||||||||||||||||||||||").
             The game lasted 00:00:57 (193 turns).

equalderp2856 the Gouger (Felid Fighter)             Turns: 193, Time: 00:00:58

Health: -11/27     AC:  1    Str: 13    XL:     5   Next: 22%
Magic:  6/6        EV: 24    Int:  9    God:
Gold:   0          SH:  0    Dex: 16    Spells: 0 memorised, 4 levels left
                                        Lives:  0   Deaths: 1

rFire  . . .     SeeInvis +       - Unarmed
rCold  . . .     Gourm    .     (armour unavailable)
rNeg   . . .     Faith    .     (shield unavailable)
rPois  .         Spirit   .     (helmet unavailable)
rElec  .         Reflect  .     (cloak unavailable)
rCorr  .         Harm     .     (gloves unavailable)
MR     .....     NoTele   +     (boots unavailable)
Stlth  +++.......               (no amulet)
                                (no ring)
                                (no ring)

@: quick
A: no armour, no weapons or thrown items, stealth, claws 1, fangs 3, see
invisible, carnivore 3, speed 1, shaggy fur 1, slow metabolism 1, sharp paws
a: no special abilities


You were in the Dungeon.
You were not hungry.

You visited 1 branch

Inventory:

Scrolls
 h - a scroll of blinking
Potions
 a - a potion of might
 c - a potion of curing
 e - a potion of haste
 f - 2 potions of magic
 g - a potion of berserk rage
Comestibles
 b - a meat ration


   Skills:
 + Level 5.6 Fighting
 + Level 8.6 Dodging
 + Level 3.2 Stealth
 + Level 9.7 Unarmed Combat


You had 4 spell levels left.
You didn't know any spells.

Dungeon Overview and Level Annotations

Branches:
Dungeon (1/1)

Altars:


Innate Abilities, Weirdness & Mutations

You cannot wear armour.
You are incapable of wielding weapons or throwing items.
Your paws allow you to move quietly. (Stealth)
You have sharp claws.
You have razor-sharp teeth.
You have supernaturally acute eyesight. (SInv)
You are carnivorous and can eat meat at any time.
You cover ground quickly.
You are covered in fur. (AC +1)
You have a slow metabolism.
Your sharp claws are effective at attacking unaware monsters.


Message History

The ogre is heavily wounded.
You claw the ogre! You bite the ogre.
You kill the ogre!
Your Dodging skill increases to level 8!
Your Stealth skill increases to level 3!
Your Unarmed Combat skill increases to level 9!
You have reached level 5!
You feel agile.
You closely miss the orc warrior. You claw the orc warrior!
The orc warrior is moderately wounded.
You closely miss the orc warrior.
The orc warrior is moderately wounded.
The orc warrior hits you with a flail!!
Ouch! That really hurt!
* * * LOW HITPOINT WARNING * * *
You claw the orc warrior!
The orc warrior is almost dead.
The orc warrior hits you with a flail!
Ouch! That really hurt!
You die...

▓▓▓▓▓▓▓▓▓▓▓
▓..'@oZOF.+
▓.▓▓▓▓▓▓▓▓▓▓▓▓▓▓▓▓▓▓▓
▓....................
▓▓▓▓▓▓▓▓▓▓▓▓▓▓▓▓▓▓▓▓▓


You could see a two-headed ogre, an orc warrior, a bullfrog and an adder
skeleton.

Vanquished Creatures
  2 ogres (D)
  A jelly (D)
  A worker ant (D)
  A giant cockroach (D)
  2 jackals (D)
  2 bats (D)
  A rat (D)
10 creatures vanquished.

Notes
Turn   | Place    | Note
-------+----------+-------------------------------------------
     0 | D        | equalderp2856 the Felid Fighter began the quest for the Orb.
     0 | D        | Reached XP level 1. HP: 10/10 MP: 2/2
    73 | D        | Noticed a hound
    73 | D        | Noticed an ice beast
    73 | D        | Noticed an ogre
    73 | D        | Noticed a jelly
    80 | D        | Killed a jelly
    80 | D        | Reached skill level 5 in Dodging
    80 | D        | Reached skill level 1 in Stealth
    80 | D        | Reached skill level 6 in Unarmed Combat
    80 | D        | Reached XP level 2. HP: 15/15 MP: 3/3
    80 | D        | Reached XP level 3. HP: 18/18 MP: 4/4
    83 | D        | Killed an ogre
    83 | D        | Reached skill level 5 in Fighting
    83 | D        | Reached skill level 8 in Unarmed Combat
    83 | D        | Reached XP level 4. HP: 23/23 MP: 5/5
    91 | D        | Mangled by an ice beast
    92 | D        | Reached XP level 3. HP: -6/19 MP: 4/4
   179 | D        | Noticed an ogre
   179 | D        | Noticed an orc warrior
   179 | D        | Noticed a two-headed ogre
   179 | D        | Noticed a bullfrog
   181 | D        | Reached XP level 4. HP: 23/23 MP: 5/5
   190 | D        | Killed an ogre
   190 | D        | Reached skill level 9 in Unarmed Combat
   190 | D        | Reached XP level 5. HP: 27/27 MP: 6/6
   193 | D        | Mangled by an orc warrior

Skill      XL: |  1  2  3  4 |
---------------+-------------+-----
Fighting       | 4 5 |  5.6
Dodging        | 5 7 8 |  8.6
Stealth        | 1 2 3 |  3.2
Unarmed Combat | 6 8 9 |  9.7

Action                   |  1- 3 |  4- 6 || total
-------------------------+-------+-------++-------
Melee: Unarmed           |    27 |    18 ||    45
       Bite              |     3 |     4 ||     7
       Punch             |       |     1 ||     1
  Use: Potion            |     1 |       ||     1
 Stab: Sleeping          |     2 |       ||     2
  Eat: Chunk             |     3 |       ||     3
Dodge: Dodged            |    30 |     9 ||    39
